 Dungeon Crawl Stone Soup version 0.23.2-1-ga50397a (webtiles) character file.

Game seed: 9215032155443180401

12485 VAZYLA the Covert (level 11, -10/84 HPs)
             Began as a Vampire Assassin on May 25, 2019.
             Was a Follower of Uskayaw.
             Mangled by a komodo dragon (28 damage)
             ... on level 2 of the Lair of Beasts.
             The game lasted 01:02:08 (18766 turns).

VAZYLA the Covert (Vampire Assassin)               Turns: 18766, Time: 01:02:09

Health: -10/84     AC: 10    Str: 12    XL:     11   Next: 63%
Magic:  0/14       EV: 18    Int: 18    God:    Uskayaw [*.....]
Gold:   526        SH:  0    Dex: 17    Spells: 10/10 levels left

rFire    . . .     SeeInvis +   a - +3 dagger
rCold    + . .     Gourm    .   (no shield)
rNeg     + + .     Faith    .   N - +1 steam dragon scales
rPois    +         Spirit   +   i - +0 helmet
rElec    .         Reflect  .   c - scarf {Spirit}
rCorr    .         Harm     .   (no gloves)
MR       +....                  x - +2 pair of boots
Stlth    ++++++++..             f - amulet of regeneration
HPRegen  0.32/turn              A - ring of stealth
MPRegen  0.14/turn              r - +4 ring of intelligence

@: regenerating slowly
A: fangs 3, see invisible, unbreathing
a: Bat Form, Stomp, Renounce Religion


You were on level 2 of the Lair of Beasts.
You worshipped Uskayaw.
Uskayaw was noncommittal.
You were very thirsty.

You visited 3 branches of the dungeon, and saw 11 of its levels.

You collected 526 gold pieces.

Inventory:

Hand Weapons
 a - a +3 dagger (weapon)
 b - a +0 blowgun
 C - a +0 vampiric whip
Missiles
 e - 50 poisoned needles
 o - 273 stones (quivered)
 D - 2 throwing nets
Armour
 c - a scarf of spirit shield (worn)
 d - a +0 cloak
 i - a +0 helmet (worn)
 w - a +0 buckler
 x - a +2 pair of boots (worn)
 y - a +2 robe of fire resistance
 N - +1 steam dragon scales (worn)
Jewellery
 f - an amulet of regeneration (around neck)
 j - an uncursed ring of resist corrosion
 r - a +4 ring of intelligence (right hand)
 A - a ring of stealth (left hand)
 B - a +3 ring of strength
 H - an uncursed ring of ice
Wands
 g - a wand of polymorph (13)
 k - a wand of flame (27)
 s - a wand of paralysis (1)
 t - a wand of random effects (20)
 L - a wand of clouds (6)
Scrolls
 m - 2 scrolls of enchant armour
 p - a scroll of identify
 v - 2 scrolls of teleportation
 G - a scroll of fog
 I - a scroll of magic mapping
 J - a scroll of remove curse
 O - a scroll of fear {unknown}
Potions
 h - 7 potions of curing
 l - 3 potions of heal wounds
 n - a potion of ambrosia {unknown}
 q - 11 potions of blood
 u - a potion of degeneration {unknown}
 z - a potion of magic {unknown}
 E - 2 potions of brilliance
 F - 4 potions of agility
 K - a potion of lignification {unknown}
 M - 2 potions of berserk rage {unknown}
 Q - 2 potions of haste {unknown}


   Skills:
 + Level 7.6 Fighting
 + Level 9.1 Short Blades
 + Level 7.0 Throwing
 + Level 8.9 Dodging
 + Level 13.3 Stealth
 + Level 4.5 Invocations


You had 10 spell levels left.
You didn't know any spells.
Your spell library contained the following spells:

 Spells                   Type           Power        Failure   Level  Hunger
 Magic Dart               Conj           #...         22%         1    ##.....
 Shock                    Conj/Air       #...         22%         1    ##.....
 Blink                    Tloc           N/A          32%         2    ###....
 Call Imp                 Summ           #.......     32%         2    ###....
 Slow                     Hex            #.......     32%         2    ###....
 Swiftness                Chrm/Air       #.......     32%         2    ###....
 Conjure Flame            Conj/Fire      #.......     54%         3    ####...
 Mephitic Cloud           Conj/Pois/Air  #.......     54%         3    ####...
 Static Discharge         Conj/Air       #.......     54%         3    ####...
 Airstrike                Air            #.........   91%         4    #####..
 Lightning Bolt           Conj/Air       #.........   99%         5    ######.


Dungeon Overview and Level Annotations

Branches:
Dungeon (8/15)             Temple (1/1) D:7            Lair (2/6) D:8
  Snake (0/4) Lair:2
  Swamp: Lair:2-4    Shoals: Lair:2-4

Altars:
Ashenzari
Cheibriados
Dithmenos
Elyvilon
Fedhas
Gozag
Hepliaklqana
Kikubaaqudgha
Nemelex Xobeh
Okawaru
Qazlal
Sif Muna
Trog
Uskayaw
Wu Jian
Xom
Yredelemnul
Zin
The Shining One

Annotations:
D:5 5 runed translucent doors


Innate Abilities, Weirdness & Mutations

You heal slowly.
You have razor-sharp teeth.
You have supernaturally acute eyesight. (SInv)
You can survive without breathing.


Message History

The komodo dragon closely misses you.
You hit the komodo dragon but do no damage.
The komodo dragon is severely wounded.
You hit the komodo dragon but do no damage.
The komodo dragon is severely wounded.
The komodo dragon bites you!
* * * LOW HITPOINT WARNING * * *
You hit the komodo dragon but do no damage.
The komodo dragon is severely wounded.
You hit the komodo dragon.
The komodo dragon is severely wounded.
The komodo dragon misses you.
You hit the komodo dragon but do no damage.
The komodo dragon is severely wounded.
You stomp with the beat, sending a shockwave through the revelers around you!
The komodo dragon is almost dead.
You feel slightly more thirsty.
You can no longer pass through a line of other dancers.
The komodo dragon bites you!!
You die...

................#..#.+P##..#
...............###.##..#..##
....##..#.....####.##...#.#
...#.....#..).###.......'.#
...#.....#....##......###.#
.^............##.......#P.#
..............###.....##..#
...P.....#.....##.....###.#
.........P....#l@#..### #.#
.........+....#.#.### #.#
.....P..+#....###..##.#.#.#
.........................
.........................
.........................
..............##.########
...##.P..#....###.#
.#........#...P#...


You could see a komodo dragon.

Vanquished Creatures
  Fannar (Lair:2)
  2 hydras
  4 spiny frogs
  3 komodo dragons (Lair:2)
  A troll (D:8)
  A polar bear (Lair:1)
  3 hippogriffs
  Sigmund (D:3)
  A spriggan (D:8)
  A wyvern (Lair:2)
  3 yaks (D:7)
  A hungry ghost (D:8)
  2 steam dragons (D:7)
  5 water moccasins
  6 porcupines
  4 ice beasts
  3 sky beasts
  2 orc warriors (D:8)
  2 necrophages (D:8)
  A black bear (Lair:1)
  2 phantoms
  3 wolves (D:8)
  3 ogres
  2 centaurs (D:6)
  6 crocodiles
  A big kobold (D:8)
  12 bullfrogs
  2 scorpions
  3 electric eels
  A howler monkey (D:6)
  5 crimson imps
  2 centaur skeletons (D:5)
  2 jellies
  11 hounds
  A gnoll shaman (D:4)
  4 orc priests
  7 orc wizards
  Terence (D:3)
  8 iguanas
  9 worker ants
  A killer bee zombie (D:7)
  A hound zombie (D:5)
  2 worker ant zombies
  7 gnolls
  9 adders
  A shadow imp (D:5)
  An ooze (D:7)
  An adder skeleton (D:8)
  A worm (D:2)
  3 dart slugs
  5 leopard geckos
  31 orcs
  2 ball pythons
  6 giant cockroaches
  6 goblins
  2 hobgoblins (D:2)
  6 jackals
  8 kobolds
  4 quokkas
  6 bats
  5 frilled lizards
  A giant cockroach zombie (D:6)
  A leopard gecko skeleton (D:7)
  4 rats
246 creatures vanquished.

Vanquished Creatures (others)
  3 jackals (D:8)
  3 fungi (Lair:2)
  2 plants (Lair:2)
8 creatures vanquished.

Grand Total: 254 creatures vanquished

Notes
Turn   | Place    | Note
-------+----------+-------------------------------------------
     0 | D:1      | VAZYLA the Vampire Assassin began the quest for the Orb.
     0 | D:1      | Reached XP level 1. HP: 16/16 MP: 1/1
   134 | D:1      | Reached skill level 6 in Stealth
   136 | D:1      | Reached XP level 2. HP: 17/22 MP: 2/2
   538 | D:1      | You fall through a shaft!
   827 | D:1      | Reached XP level 3. HP: 27/27 MP: 3/3
  1153 | D:2      | Reached XP level 4. HP: 25/34 MP: 4/4
  2031 | D:3      | Found a bloodstained altar of Trog.
  2034 | D:3      | Noticed Terence
  2063 | D:3      | Killed Terence
  2082 | D:3      | Reached XP level 5. HP: 39/39 MP: 5/5
  2117 | D:3      | Noticed Sigmund
  2123 | D:3      | Killed Sigmund
  2123 | D:3      | Reached skill level 7 in Stealth
  2123 | D:3      | Reached XP level 6. HP: 47/47 MP: 6/6
  3651 | D:4      | Reached XP level 7. HP: 28/52 MP: 7/7
  3968 | D:4      | Reached skill level 8 in Stealth
  5875 | D:5      | Entered Level 5 of the Dungeon
  6356 | D:5      | Found the +9 staff of Olgreb {rPois}
  6368 | D:5      | Found a runed translucent gate.
  6370 | D:5      | Found a runed translucent door.
  6382 | D:5      | Found a runed translucent gate.
  6390 | D:5      | Found a runed translucent gate.
  6398 | D:5      | Found a runed translucent door.
  6408 | D:5      | Reached skill level 5 in Short Blades
  6408 | D:5      | Reached XP level 8. HP: 59/60 MP: 8/8
  6441 | D:5      | Found a deep blue altar of Sif Muna.
  6529 | D:5      | Reached skill level 9 in Stealth
  6865 | D:6      | Reached skill level 5 in Dodging
  7985 | D:6      | Reached skill level 5 in Fighting
  7985 | D:6      | Reached skill level 10 in Stealth
  8035 | D:6      | Reached XP level 9. HP: 68/68 MP: 9/9
 10347 | D:7      | Reached skill level 5 in Throwing
 10754 | D:7      | Found a white marble altar of Elyvilon.
 10890 | D:7      | Reached skill level 11 in Stealth
 11340 | D:7      | Found a shattered altar of Ashenzari.
 11371 | D:7      | Found a staircase to the Ecumenical Temple.
 11377 | Temple   | Entered the Ecumenical Temple
 11464 | Temple   | Became a worshipper of Uskayaw the Reveler
 11517 | D:8      | Reached * piety under Uskayaw
 11601 | D:8      | Reached ** piety under Uskayaw
 11608 | D:8      | Reached *** piety under Uskayaw
 11754 | D:8      | Reached skill level 1 in Invocations
 11762 | D:8      | Reached XP level 10. HP: 72/76 MP: 10/10
 11784 | D:8      | Reached **** piety under Uskayaw
 12362 | D:8      | Reached ***** piety under Uskayaw
 13448 | D:8      | Found a staircase to the Lair.
 14383 | D:8      | Found an opulent altar of Gozag.
 14761 | Lair:1   | Entered Level 1 of the Lair of Beasts
 14778 | Lair:1   | Reached skill level 12 in Stealth
 15275 | Lair:1   | Noticed a spiny frog
 15282 | Lair:1   | Killed a spiny frog
 15471 | Lair:1   | Noticed a spiny frog
 15484 | Lair:1   | Killed a spiny frog
 15831 | Lair:2   | Reached XP level 11. HP: 84/84 MP: 13/13
 15834 | Lair:2   | Found a staircase to the Snake Pit.
 16773 | Lair:2   | Noticed a four-headed hydra
 16808 | Lair:1   | Killed a four-headed hydra
 17471 | Lair:2   | Noticed Fannar
 17743 | Lair:2   | Killed Fannar
 17743 | Lair:2   | Reached skill level 13 in Stealth
 17836 | Lair:2   | Noticed a seven-headed hydra
 17920 | Lair:2   | HP: 2/84 [spiny frog (11)]
 18144 | Lair:2   | Killed a seven-headed hydra
 18766 | Lair:2   | Mangled by a komodo dragon

Skill      XL: |  1  2  3  4  5  6  7  8  9 10 11 |
---------------+----------------------------------+-----
Stealth        | 6 7 8 10 11 12 13 | 13.3
Fighting       | 2 3 4 5 6 7 |  7.6
Throwing       | 2 3 4 5 6 7 |  7.0
Dodging        | 2 3 4 5 7 8 |  8.9
Short Blades   | 3 4 5 6 7 8 9 |  9.1
Invocations    | 1 3 4 |  4.5

Action                   |  1- 3 |  4- 6 |  7- 9 | 10-12 || total
-------------------------+-------+-------+-------+-------++-------
Melee: Dagger            |    85 |   242 |   545 |   684 ||  1556
       Bite              |     8 |    25 |    75 |    98 ||   206
       Whip              |       |       |    41 |    57 ||    98
       Unarmed           |       |       |       |     3 ||     3
 Fire: Blowgun           |       |     2 |    27 |    23 ||    52
Throw: Stone             |       |       |       |     1 ||     1
Invok: Stomp             |       |       |       |     6 ||     6
       Line Pass         |       |       |       |     2 ||     2
 Abil: End Transformatio |       |       |     6 |    10 ||    16
       Bat Form          |       |       |     6 |    10 ||    16
Evoke: Wand              |       |       |       |     5 ||     5
  Use: Potion            |       |     6 |    15 |    14 ||    35
       Scroll            |       |     3 |     4 |    13 ||    20
 Stab: Sleeping          |    10 |     8 |    40 |    18 ||    76
       Distracted        |       |       |     5 |     4 ||     9
       Paralysed         |       |       |     3 |    14 ||    17
       Confused          |       |       |       |     1 ||     1
Armor: Ring mail         |    28 |    42 |       |       ||    70
       Robe              |       |    27 |   107 |       ||   134
       Steam dragon scal |       |       |    13 |   115 ||   128
Dodge: Dodged            |    44 |   132 |   342 |   458 ||   976
